 Dungeon Crawl Stone Soup version 0.23.2-30-g0e89c35649 (webtiles) character file.

Game seed: 13678903103605818309

728 Matador8 the Sneak (level 7, -3/46 HPs)
             Began as a Vampire Enchanter on June 20, 2019.
             Was a Follower of Makhleb.
             Shot with an arrow by a centaur (6 damage)
             ... on level 5 of the Dungeon.
             The game lasted 00:38:47 (6734 turns).

Matador8 the Sneak (Vampire Enchanter)              Turns: 6734, Time: 00:38:48

Health: -3/46      AC:  4    Str:  7    XL:     7   Next: 44%
Magic:  1/10       EV: 12    Int: 19    God:    Makhleb [*.....]
Gold:   239        SH:  0    Dex: 15    Spells: 0/10 levels left

rFire    + . .     SeeInvis +   a - +1 dagger
rCold    + + .     Gourm    .   (no shield)
rNeg     + + .     Faith    .   w - +0 leather armour
rPois    +         Spirit   .   (no helmet)
rElec    .         Reflect  .   (no cloak)
rCorr    +         Harm     .   l - +0 pair of gloves
MR       .....                  (no boots)
Stlth    ++++......             (no amulet)
HPRegen  0.07/turn              u - ring "Ochumm" {rCorr rC+}
MPRegen  0.12/turn              y - ring of protection from fire

@: about to teleport, regenerating slowly
A: fangs 3, see invisible, unbreathing
a: Bat Form, Renounce Religion


You were on level 5 of the Dungeon.
You worshipped Makhleb.
Makhleb was aware of your devotion.
You were near bloodless.

You visited 1 branch of the dungeon, and saw 5 of its levels.

You collected 239 gold pieces.

Inventory:

Hand Weapons
 a - a +1 dagger (weapon)
 p - a +2 hunting sling of velocity
Missiles
 q - 120 stones (quivered)
 C - 2 javelins
Armour
 b - a +0 robe
 c - a +0 large shield
 g - a +0 buckler
 l - a +0 pair of gloves (worn)
 v - a +0 ring mail
 w - a +0 leather armour (worn)
 x - a +0 scale mail
Jewellery
 u - the ring "Ochumm" (left hand) {rCorr rC+}
   (You took it off an orc on level 4 of the Dungeon)

   [ring of resist corrosion]

   It protects you from cold.
 y - a ring of protection from fire (right hand)
 B - an uncursed ring of flight
Scrolls
 e - 4 scrolls of teleportation
 f - a scroll of random uselessness {unknown}
 i - a scroll of identify
 j - a scroll of immolation {unknown}
 k - 2 scrolls of enchant weapon
 n - 3 scrolls of remove curse
 o - a scroll of amnesia {unknown}
 t - a scroll of fog {unknown}
 A - 2 scrolls of fear {unknown}
Potions
 d - 7 potions of blood
 h - a potion of might
 m - 2 potions of lignification
 r - a potion of brilliance {unknown}
 z - a potion of curing {unknown}


   Skills:
 - Level 6.2 Short Blades
 - Level 2.1 Dodging
 - Level 6.9 Stealth
 - Level 2.0 Spellcasting
 + Level 1.3 Conjurations
 - Level 6.3 Hexes
 + Level 2.4 Invocations


You couldn't memorise any spells.
You knew the following spells:

 Your Spells              Type           Power        Failure   Level  Hunger
a - Corona                Hex            ####...      1%          1    #......
b - Confuse               Hex            ####....     5%          3    ###....
c - Tukima's Dance        Hex            ####....     5%          3    ###....
d - Dazzling Spray        Conj/Hex       ###...       16%         3    ###....

Your spell library contained the following spells:

 Spells                   Type           Power        Failure   Level  Hunger
 Ensorcelled Hibernation  Hex/Ice        ##....       11%         2    ###....
 Animate Skeleton         Necr           N/A          26%         1    #......
 Pain                     Necr           #...         26%         1    #......
 Regeneration             Chrm/Necr      #.........   58%         3    ###....
 Vampiric Draining        Necr           #.........   58%         3    ###....
 Animate Dead             Necr           N/A          94%         4    #####..


Dungeon Overview and Level Annotations

Branches:
Dungeon (5/15)
 Temple: D:4-7

Altars:
Ashenzari
Makhleb
Uskayaw
Wu Jian

Shops:
D:5 =(}


Innate Abilities, Weirdness & Mutations

You heal slowly.
You have razor-sharp teeth.
You have supernaturally acute eyesight. (SInv)
You can survive without breathing.


Message History

The centaur shoots an arrow.
The arrow hits you!
The centaur shoots an arrow.
The arrow hits you!
* * * LOW HITPOINT WARNING * * *
The centaur shoots an arrow.
The arrow completely misses you.
You see here 2 arrows.
You feel much better.
The centaur shoots an arrow.
The arrow hits you!
Okay, then.
The centaur shoots an arrow.
The arrow hits you.
* * * LOW HITPOINT WARNING * * *
You see here an arrow.
The centaur shoots an arrow.
The arrow hits you!
* * * LOW HITPOINT WARNING * * *
You see here an arrow.
Okay, then.
Okay, then.
Unknown command.
As you read the scroll of teleportation, it crumbles to dust.
You feel strangely unstable.
The centaur shoots an arrow.
The arrow barely misses you.
The centaur shoots an arrow.
The arrow hits you.
You die...

.# #............# #..
.####..###.####.# #.#
................# #.#
..###..###...#### #.#
..###..# #...# #a#
....#..# #...# #c#
.......###...# #.#
%............#######c#
.....#.####.....@(.(.#
.......# #.##########
....##.# #.# .......#
#.# .....######.#
##.#........#
##>######### ###


You could see a centaur.

Vanquished Creatures
  A scorpion (D:4)
  2 crimson imps
  A quasit (D:5)
  A hound (D:4)
  An orc priest (D:4)
  3 orc wizards
  A bullfrog skeleton (D:4)
  Terence (D:3)
  An iguana (D:3)
  2 worker ants (D:5)
  A killer bee zombie (D:5)
  3 gnolls (D:4)
  7 adders
  A shadow imp (D:5)
  2 oozes (D:3)
  4 worms
  5 dart slugs
  2 leopard geckos
  17 orcs
  A ball python (D:3)
  3 giant cockroaches
  7 goblins
  7 hobgoblins
  3 quokkas
  9 bats
  4 frilled lizards
  6 kobolds
  A leopard gecko skeleton (D:4)
  7 rats
  A toadstool (D:1)
105 creatures vanquished.

Vanquished Creatures (collateral kills)
  An ogre (D:4)
  3 orcs (D:4)
4 creatures vanquished.

Vanquished Creatures (others)
  2 dancing weapons
  3 toadstools (D:1)
5 creatures vanquished.

Grand Total: 114 creatures vanquished

Notes
Turn   | Place    | Note
-------+----------+-------------------------------------------
     0 | D:1      | Matador8 the Vampire Enchanter began the quest for the Orb.
     0 | D:1      | Reached XP level 1. HP: 13/13 MP: 3/3
   209 | D:1      | Reached XP level 2. HP: 13/19 MP: 1/5
   368 | D:1      | Reached skill level 5 in Stealth
   834 | D:1      | Reached XP level 3. HP: 18/24 MP: 3/6
   851 | D:1      | Learned a level 3 spell: Confuse
  1932 | D:3      | Reached XP level 4. HP: 30/30 MP: 7/7
  1948 | D:3      | Learned a level 3 spell: Tukima's Dance
  2424 | D:3      | Noticed Terence
  2427 | D:3      | Killed Terence
  2427 | D:3      | Reached XP level 5. HP: 35/35 MP: 8/8
  2507 | D:3      | Found an ornate altar of the Wu Jian Council.
  2508 | D:3      | Found a burning altar of Makhleb.
  2508 | D:3      | Found a shattered altar of Ashenzari.
  2582 | D:3      | Reached skill level 5 in Short Blades
  3303 | D:3      | Became a worshipper of Makhleb the Destroyer
  3643 | D:4      | Reached skill level 5 in Hexes
  3690 | D:4      | Noticed an ogre
  3809 | D:4      | Killed an ogre
  3809 | D:4      | Reached XP level 6. HP: 17/41 MP: 0/9
  4107 | D:4      | Identified the ring "Ochumm" {rCorr rC+}
  5078 | D:4      | Reached * piety under Makhleb
  5107 | D:4      | Found a hide-covered altar of Uskayaw.
  5247 | D:3      | Reached skill level 1 in Invocations
  5790 | D:4      | Reached XP level 7. HP: 43/46 MP: 7/10
  6133 | D:5      | Entered Level 5 of the Dungeon
  6139 | D:5      | Learned a level 3 spell: Dazzling Spray
  6143 | D:5      | Found Riroist's Weapon Emporium.
  6239 | D:5      | Found Qeloseulot's Gadget Boutique.
  6309 | D:5      | Reached skill level 1 in Conjurations
  6602 | D:5      | Found Nybri's Jewellery Shoppe.
  6734 | D:5      | Shot with an arrow by a centaur

Skill      XL: |  1  2  3  4  5  6  7 |
---------------+----------------------+-----
Short Blades   | 2 3 4 5 6 |  6.2
Stealth        | 5 6 |  6.9
Hexes          | 5 6 |  6.3
Invocations    | 1 2 |  2.4
Conjurations   | 1 |  1.3
Dodging        | |  2.1
Spellcasting   | |  2.0

Action                   |  1- 3 |  4- 6 |  7- 9 || total
-------------------------+-------+-------+-------++-------
Melee: Dagger            |   136 |   260 |   135 ||   531
       Bite              |     7 |    24 |     9 ||    40
 Cast: Corona            |    33 |    22 |    13 ||    68
       Confuse           |     2 |    16 |    13 ||    31
       Tukima's Dance    |       |    12 |     1 ||    13
 Abil: End Transformatio |       |     2 |       ||     2
       Bat Form          |       |     2 |       ||     2
  Use: Potion            |       |    13 |     3 ||    16
       Scroll            |       |     4 |     2 ||     6
 Stab: Sleeping          |     6 |    13 |     2 ||    21
       Confused          |     2 |     7 |     6 ||    15
       Distracted        |       |       |     1 ||     1
Armor: Robe              |    39 |    20 |       ||    59
       Leather armour    |       |    10 |    19 ||    29
Dodge: Dodged            |    94 |   142 |    55 ||   291
